 Dungeon Crawl Stone Soup version 0.31-a0-986-g5e6e4ef867 (webtiles) character file.

Game seed: 16817662648027332509

134085 croobank the Unseen (level 17, -4/126 HPs)
             Began as an Octopode Monk on Nov 5, 2023.
             Was a High Priest of Jiyva.
             Slain by an eight-headed hydra (11 damage)
             ... on level 1 of the Swamp on Nov 6, 2023.
             The game lasted 01:30:17 (21896 turns).

croobank the Unseen (Octopode Monk)                Turns: 21896, Time: 01:30:17

Health: -4/126     AC:  8    Str: 10    XL:     17   Next: 16%
Magic:  21/21      EV: 26    Int: 32    God:    Jiyva [*****.]
Gold:   310        SH: 16    Dex: 26    Spells: 20/22 levels left

rFire   . . .        L - +6 trident "Myhuasm" {drain, Int+5 Dex+2}
rCold   + + +        P - +4 kite shield {reflect}
rNeg    . . .        (helmet restricted)
rPois   .            (no amulet)
rElec   .            k - +6 ring of dexterity
rCorr   +            o - +4 ring of protection
SInv    .            C - +6 ring of intelligence
Will    +++..        t - ring of willpower
Stlth   +++++++++    z - ring of protection from cold
HPRegen 3.45/turn    D - ring of willpower
MPRegen 0.62/turn    (no ring)
                     (no ring)

%: reflection
@: no status effects
A: almost no armour, amphibious, 8 rings, camouflage 1, gelatinous body 2,
(nimble swimmer 1), tentacles, fangs 2, iridescent scales 1, agile 1, clever 1,
cold resistance 3, regeneration 2, wild magic 2, jelly sensing items, jelly
absorbing missiles, MP-powered wands
a: Renounce Religion, Oozemancy, Slimify


You were on level 1 of the Swamp.
You worshipped Jiyva.
Jiyva was extremely pleased with you.
You visited 7 branches of the dungeon, and saw 30 of its levels.
You also visited: Sewer and Bailey.

You collected 1585 gold pieces.
You spent 1275 gold pieces at shops.

Inventory:

Hand Weapons
 b - a +1 orcbow of freezing
 F - a +4 rapier of speed
 G - a +1 rapier of holy wrath
 L - the +6 trident "Myhuasm" (weapon) {drain, Int+5 Dex+2}
   (You found it on level 9 of the Dungeon)

   Int+5:     It affects your intelligence (+5).
   Dex+2:     It affects your dexterity (+2).
 N - a +4 dagger of venom
 O - a +0 vampiric broad axe
 S - a +2 scimitar of flaming
Missiles
 a - 12 poisoned darts
 I - 13 boomerangs (quivered)
Armour
 c - an orb of light
 P - a +4 kite shield of reflection (worn)
Jewellery
 k - a +6 ring of dexterity (left tentacle)
 o - a +4 ring of protection (right tentacle)
 t - a ring of willpower (on tentacle)
 z - a ring of protection from cold (on tentacle)
 C - a +6 ring of intelligence (on tentacle)
 D - a ring of willpower (on tentacle)
Talismans
 B - the dragon-blood talisman "Retuca" {rN+ Dex+2 Slay+5}
   (You found it on level 7 of the Dungeon)

   [dragon-blood talisman]

   Dex+2:     It affects your dexterity (+2).
   Slay+5:    It affects your accuracy & damage with ranged weapons and melee
   (+5).
   rN+:       It protects you from negative energy.
Wands
 p - a wand of flame (10)
 H - a wand of mindburst (14)
 M - a wand of paralysis (11)
Scrolls
 m - 3 scrolls of identify
 q - a scroll of enchant weapon
 r - 2 scrolls of vulnerability
 u - a scroll of blinking
 v - 2 scrolls of fog
 x - a scroll of fear
 A - 2 scrolls of amnesia
 E - 3 scrolls of revelation
 Q - a scroll of immolation
 R - 2 scrolls of poison
Potions
 d - 2 potions of brilliance
 e - 4 potions of enlightenment
 f - 2 potions of magic
 g - 6 potions of curing
 h - 2 potions of attraction
 j - 6 potions of lignification
 l - 2 potions of mutation
 n - 2 potions of haste
 s - 2 potions of might
 w - 2 potions of cancellation
 y - 2 potions of ambrosia


   Skills:
 + Level 14.6 Fighting
 - Level 14.0 Short Blades
 + Level 8.8 Polearms
 + Level 14.5 Dodging
 + Level 19.8 Stealth
 * Level 6.2 Shields
 * Level 3.2 Spellcasting
 * Level 3.5 Ice Magic


You had 20 spell levels left.
You knew the following spells:

 Your Spells              Type           Power      Damage    Failure   Level
a - Ensorcelled Hibernat  Hex/Ice        52%        N/A       32%         2

Your spell library contained the following spells:

 Spells                   Type           Power      Damage    Failure   Level
 Hailstorm                Conj/Ice       26%        3d7       50%         3
 Passwall                 Tmut/Erth      6%         N/A       52%         2
 Ignite Poison            Fire/Tmut/Pois 8%         N/A       73%         3
 Stone Arrow              Conj/Erth      16%        3d8       73%         3
 Swiftness                Air            8%         N/A       73%         3
 Summon Ice Beast         Ice/Summ       26%        N/A       86%         4
 Sticky Flame             Conj/Fire      8%         2d3       97%         4
 Simulacrum               Ice/Necr       13%        N/A       100%        6
 Ignition                 Fire           4%         3d4       100%        8
 Lehudib's Crystal Spear  Conj/Erth      4%         10d3      100%        8
 Animate Armour           Summ/Erth      Unusable   N/A       N/A         4

Dungeon Overview and Level Annotations

Branches:
Dungeon (15/15)            Temple (0/1) D:7            Lair (5/5) D:9
  Swamp (1/4) Lair:2       Spider (1/4) Lair:3        Slime (5/5) Lair:5
    Orc (2/2) D:10            Elf (1/3) Orc:2        Vaults (0/5) D:13
 Depths (0/4) D:15          Sewer (visited)          Bailey (visited)

Altars:
Ashenzari
Makhleb
Qazlal
Sif Muna
Trog
Uskayaw
Vehumet
Zin
The Shining One
Jiyva

Shops:
D:10 !   D:15 (   Orc:1 *   Orc:2 (?[*

Portals:
Trove: D:15 (give 3 potions of resistance)

Annotations:
D:14 2 transporters, Otiejusm's ghost, journeyman GnIE
Lair:1 1 transporter
Slime:5 Royal Jelly


Innate Abilities, Weirdness & Mutations

You cannot wear most types of armour.
You are amphibious.
You can wear up to eight rings at the same time.
Your skin changes colour to match your surroundings (Stealth+).
Your pliable body absorbs attacks. (AC +2, EV +2)
((You are camouflaged when in or above water. (Stealth+)))
You have tentacles for arms and can constrict up to eight enemies at once.
You have extremely sharp teeth.
You are partially covered in iridescent scales. (AC +2)
You are agile. (Dex +4, Str/Int -1)
Your mind is acute. (Int +4, Str/Dex -1)
Your flesh is almost immune to the effects of cold. (rC+++)
You heal very quickly.
Your spells are harder to cast, but more powerful.
You have a small jelly attached to you that senses nearby items.
You have a small jelly attached to you that may absorb projectiles.
You expend magic power (3 MP) to strengthen your wands.


Message History

There is a staircase to the Swamp, spattered with blood here.
You climb downwards.
Welcome back to the Swamp!
This branch is noisy: sounds don't travel as far here.
This branch contains the decaying rune of Zot.
You block the bunyip's attack. The bunyip claws you!!!
You shudder from the blow and a jelly pops out!
The bunyip claws you!!
You shudder from the blow and a jelly pops out!
The eight-headed hydra bites you.
The eight-headed hydra barely misses you.
The eight-headed hydra closely misses you. x3
The eight-headed hydra bites you!
The eight-headed hydra barely misses you.
The eight-headed hydra bites you!
* * * LOW HITPOINT WARNING * * *
The goliath frog hits your quicksilver ooze!!
The eight-headed hydra bites you!
* * * LOW HITPOINT WARNING * * *
The eight-headed hydra completely misses you.
The eight-headed hydra misses you.
The eight-headed hydra completely misses you.
The eight-headed hydra bites you but does no damage.
The eight-headed hydra barely misses you.
The eight-headed hydra bites you.
* * * LOW HITPOINT WARNING * * *
The eight-headed hydra barely misses you.
There is a staircase back to the Lair, spattered with blood here.
The goliath frog hits your quicksilver ooze.
Your quicksilver ooze jiggles.
Your quicksilver ooze misses the goliath frog.
Your quicksilver ooze hits the goliath frog.
The spriggan druid calls out to the beasts of the wild!
The eight-headed hydra barely misses you.
You block the eight-headed hydra's attack.
The eight-headed hydra bites you!
* * * LOW HITPOINT WARNING * * *
The eight-headed hydra closely misses you.
You block the eight-headed hydra's attack.
The eight-headed hydra bites you!
You die...

..~ §.♣~♣
.~.. .§~~~
....♣ ~~~~~.
.... ~.~~~~
#..~ ♣~...~§
#...♣♣~~~.~~~
#..~..~~...~.
#.FJD@~....♣
###.x~.....~~
∆#J♣~...♣♣♣.
..♣♣....♣ .i.
♣♣...♣ ...~
♣♣.♣ ..~ ♣♣
...


You could see a bunyip (ally target), an eight-headed hydra, a spriggan druid, a
goliath frog (ally target), a friendly rockslime (summoned) and a friendly
quicksilver ooze (summoned).

Vanquished Creatures
  Jorgrun (D:13)
  A thorn hunter (Lair:2)
  Donald (Orc:2)
  Nessos (Lair:3)
  A bunyip (Lair:2)
  Snorg (D:13)
  2 fire dragons
  A rakshasa (D:15)
  3 vault guards (D:13)
  An ice dragon (D:15)
  5 hydras
  An alligator (Lair:2)
  An ogre mage (D:15)
  2 merfolk aquamancers (D:15)
  3 boulder beetles
  3 centaur warriors
  9 two-headed ogres
  A demonic crawler (Lair:3)
  The ghost of RandomusNamus the Carver, a novice DsFi of Okawaru (D:9)
  2 death yaks (Lair:5)
  3 orc high priests (Orc:2)
  Nergalle (Lair:3)
  4 skeletal warriors (D:13)
  A deep elf knight (D:13)
  6 skysharks
  An orb spider (Spider:1)
  A swamp dragon (Lair:5)
  Pikel (D:9)
  A deep elf archer (D:13)
  6 orc knights
  3 deep elf pyromancers
  3 manticores
  4 ugly things
  7 orc sorcerers
  5 cyclopes
  6 elephants (Lair:5)
  4 black mambas
  6 gargoyles
  4 torpor snails
  Maggie (D:8)
  8 cane toads
  2 unseen horrors
  13 komodo dragons
  An efreet (D:14)
  An unseen horror (shapeshifter) (D:12)
  3 rime drakes
  Psyche (D:8)
  3 yaktaurs (D:13)
  Jeremiah (D:9)
  A tengu conjurer (D:13)
  6 trolls
  2 freezing wraiths
  11 polar bears
  A hornet (Lair:2)
  Prince Ribbit (D:9)
  Grinder (D:4)
  12 blink frogs
  2 raiju (Lair:5)
  12 dream sheep (Lair:5)
  4 jumping spiders
  A culicivora (Lair:3)
  6 wyverns
  A wraith (D:12)
  A vampire (D:11)
  A spriggan (Lair:2)
  A water elemental (D:15)
  4 shadows
  A human (D:13)
  Eustachio (D:4)
  Grum (D:8)
  36 yaks
  A steam dragon (D:8)
  3 basilisks
  11 vampire mosquitoes
  5 redbacks (Lair:3)
  9 wargs
  13 hell hounds (Lair:5)
  9 acid dragons
  12 water moccasins
  A sky beast (D:5)
  14 black bears
  16 orc warriors
  An ice beast (D:8)
  24 wolves
  3 ogres
  14 centaurs
  Blork the orc (D:6)
  9 bullfrogs
  7 scorpions
  5 wights (D:6)
  11 killer bees
  2 electric eels
  5 howler monkeys
  10 orc priests
  A hound (D:6)
  2 jellies (Sewer)
  A sleepcap (D:5)
  12 hell rats
  11 iguanas
  Natasha (thrice) (D:4)
  15 orc wizards
  Robin (D:3)
  9 adders
  A river rat (Sewer)
  2 ufetubi (D:5)
  3 dart slugs
  2 worms
  51 orcs
  4 bats
  10 endoplasms
  5 giant cockroaches
  21 goblins
  9 hobgoblins
  13 jackals (D:1)
  5 quokkas
  8 ball pythons
  8 frilled lizards
  6 kobolds
  3 rats
641 creatures vanquished.

Vanquished Creatures (others)
  A fire dragon (D:15)
  2 vault guards (D:13)
  2 centaur warriors (D:14)
  A boulder beetle (Lair:2)
  A sea snake (shapeshifter) (D:14)
  3 slime creatures
  A yak (Lair:3)
  A golden eye (shapeshifter) (D:14)
  A redback (Lair:3)
  A warg (D:9)
  A water moccasin (Lair:5)
  A black bear (Lair:2)
  2 centaurs
  A lemure (D:9)
  2 bullfrogs
  48 jellies
  An orc priest (Orc:2)
  2 orc wizards (Orc:2)
  A worm (Sewer)
  8 orcs
81 creatures vanquished.

Grand Total: 722 creatures vanquished

Notes
Turn   | Place    | Note
-------+----------+-------------------------------------------
     0 | D:1      | croobank the Octopode Monk began the quest for the Orb.
     0 | D:1      | Reached XP level 1. HP: 16/16 MP: 1/1
   106 | D:1      | Reached XP level 2. HP: 21/21 MP: 2/2
   138 | D:1      | Reached XP level 3. HP: 21/26 MP: 3/3
  1040 | D:2      | Reached XP level 4. HP: 29/33 MP: 4/4
  1262 | D:3      | Noticed Robin
  2078 | D:3      | Killed Robin
  2130 | D:3      | Reached XP level 5. HP: 37/37 MP: 5/5
  2145 | D:3      | Identified the +1 leather armour "Reoph" {Will+}
  2246 | D:4      | Noticed Grinder
  2250 | D:4      | Noticed Natasha
  2274 | D:4      | Noticed Eustachio
  2486 | D:3      | Reached XP level 6. HP: 40/44 MP: 6/6
  2790 | D:4      | Noticed a black bear
  2824 | D:3      | Killed a black bear
  2914 | D:4      | Reached skill level 5 in Fighting
  2914 | D:4      | Reached skill level 5 in Short Blades
  2914 | D:4      | Reached skill level 5 in Dodging
  2914 | D:4      | Reached XP level 7. HP: 19/50 MP: 7/7
  2918 | D:4      | Killed Natasha
  2920 | D:4      | Noticed Natasha
  2929 | D:4      | Killed Natasha
  2939 | D:4      | Killed Eustachio
  3037 | D:4      | Killed Grinder
  3360 | D:4      | Noticed Natasha
  3363 | D:4      | Killed Natasha
  3364 | D:4      | Reached XP level 8. HP: 57/57 MP: 8/8
  3495 | D:5      | Entered Level 5 of the Dungeon
  3527 | D:5      | Found a stormy altar of Qazlal.
  3728 | D:5      | Found a glowing drain.
  3747 | Sewer    | Entered a sewer
  3862 | Sewer    | Found a viscous altar of Jiyva.
  3872 | Sewer    | Became a worshipper of Jiyva Jarchu the Shapeless
  3872 | Sewer    | Reached * piety under Jiyva
  3872 | Sewer    | Reached ** piety under Jiyva
  4047 | D:5      | Found a burning altar of Makhleb.
  4296 | D:5      | Reached *** piety under Jiyva
  4297 | D:5      | Gained mutation: You are robust. (+10% HP) [Jiyva's grace]
  4297 | D:5      | Gained mutation: You are very robust. (+20% HP) [Jiyva's
                  | grace]
  4297 | D:5      | Gained mutation: You are extremely robust. (+30% HP)
                  | [Jiyva's grace]
  4297 | D:5      | Gained mutation: You are partially covered in iridescent
                  | scales. (AC +2) [Jiyva's grace]
  4572 | D:6      | Found a radiant altar of Vehumet.
  4638 | D:6      | Reached XP level 9. HP: 74/83 MP: 9/9
  4694 | D:6      | Found a glowing golden altar of the Shining One.
  4767 | D:6      | Noticed Blork the orc
  4848 | D:6      | Killed Blork the orc
  5125 | D:7      | Found a staircase to the Ecumenical Temple.
  5185 | D:7      | Found a flagged portal.
  5205 | Bailey   | Entered a bailey
  5413 | Bailey   | Noticed an orc knight
  5413 | Bailey   | Noticed an orc knight
  5504 | D:7      | Identified the dragon-blood talisman "Retuca" {rN+ Dex+2
                  | Slay+5}
  5782 | D:8      | Identified the of Zedisi
  6007 | D:8      | Found a hide-covered altar of Uskayaw.
  6088 | D:8      | Found a shimmering blue altar of Sif Muna.
  6110 | D:8      | Noticed Maggie
  6124 | D:8      | Killed Maggie
  6125 | D:8      | Reached **** piety under Jiyva
  6164 | D:8      | Lost mutation: You are extremely robust. (+30% HP) [Jiyva's
                  | grace]
  6164 | D:8      | Gained mutation: You have a small jelly attached to you
                  | that may absorb projectiles. [Jiyva's grace]
  6164 | D:8      | Gained mutation: You possess an exceptional clarity of
                  | mind. [Jiyva's grace]
  6164 | D:8      | Gained mutation: You are mostly covered in iridescent
                  | scales. (AC +4) [Jiyva's grace]
  6164 | D:8      | Gained mutation: You are completely covered in iridescent
                  | scales. (AC +6) [Jiyva's grace]
  6319 | D:8      | Noticed Grum
  6325 | D:8      | Noticed Psyche
  6333 | D:8      | Killed Grum
  6334 | D:8      | Reached XP level 10. HP: 87/87 MP: 10/10
  6338 | D:8      | Killed Psyche
  6670 | D:9      | Noticed Prince Ribbit
  6678 | D:9      | Killed Prince Ribbit
  6714 | D:9      | Noticed Jeremiah
  6768 | D:9      | Killed Jeremiah
  6779 | D:9      | Identified the +6 trident "Myhuasm" {drain, Int+5 Dex+2}
  6792 | D:9      | Noticed Pikel
  6800 | D:9      | Killed Pikel
  6801 | D:9      | Reached skill level 1 in Polearms
  6801 | D:9      | Reached skill level 2 in Stealth
  6929 | D:9      | Found a staircase to the Lair.
  6936 | D:9      | Noticed a two-headed ogre
  6937 | D:9      | Noticed a gargoyle
  6938 | D:9      | Noticed a gargoyle
  6938 | D:9      | Noticed a gargoyle
  6940 | D:9      | Reached skill level 3 in Stealth
  6954 | D:10     | Entered Level 10 of the Dungeon
  7040 | D:10     | Noticed a two-headed ogre
  7049 | D:10     | Reached skill level 4 in Stealth
  7055 | D:10     | Killed a two-headed ogre
  7056 | D:10     | Reached skill level 5 in Stealth
  7056 | D:10     | Reached XP level 11. HP: 94/97 MP: 11/11
  7129 | D:10     | Found a bloodstained altar of Trog.
  7197 | D:10     | Found Xoojag's Distillery.
  7204 | D:10     | Bought a potion of curing for 45 gold pieces
  7204 | D:10     | Bought a potion of degeneration for 15 gold pieces
  7205 | D:10     | Bought a potion of mutation for 120 gold pieces
  7205 | D:10     | Bought a potion of berserk rage for 75 gold pieces
  7205 | D:10     | Bought a potion of cancellation for 120 gold pieces
  7224 | D:10     | Reached skill level 6 in Stealth
  7374 | D:10     | Reached skill level 10 in Fighting
  7543 | D:10     | Found a staircase to the Orcish Mines.
  7570 | D:10     | Reached skill level 5 in Polearms
  7573 | D:10     | Reached skill level 7 in Stealth
  7917 | D:10     | Bought 2 potions of lignification for 90 gold pieces
  7949 | D:11     | Noticed a two-headed ogre
  7954 | D:11     | Killed a two-headed ogre
  7955 | D:11     | Reached skill level 10 in Short Blades
  7955 | D:11     | Reached skill level 10 in Dodging
  8091 | D:11     | Reached skill level 8 in Stealth
  8114 | D:11     | Gained mutation: Your mind is acute. (Int +4, Str/Dex -1)
                  | [Jiyva's grace]
  8114 | D:11     | Gained mutation: Your mind is very acute. (Int +8, Str/Dex
                  | -2) [Jiyva's grace]
  8114 | D:11     | Gained mutation: You are covered in slimy tendrils that may
                  | disarm your opponents. [Jiyva's grace]
  8114 | D:11     | Gained mutation: You expend magic power (3 MP) to
                  | strengthen your wands. [Jiyva's grace]
  8164 | D:11     | Noticed a cyclops
  8172 | D:11     | Killed a cyclops
  8201 | D:11     | Noticed a two-headed ogre
  8227 | D:11     | Killed a two-headed ogre
  8228 | D:11     | Reached skill level 9 in Stealth
  8334 | D:12     | Noticed a boulder beetle
  8356 | D:12     | Killed a boulder beetle
  8400 | D:12     | Noticed a two-headed ogre
  8403 | D:12     | Killed a two-headed ogre
  8404 | D:12     | Reached skill level 10 in Stealth
  8449 | D:12     | Reached XP level 12. HP: 95/106 MP: 12/12
  8610 | D:12     | Reached skill level 11 in Stealth
  8707 | D:12     | Learned a level 2 spell: Ensorcelled Hibernation
  8882 | D:12     | Reached ***** piety under Jiyva
  8920 | D:12     | Reached skill level 12 in Stealth
  9137 | D:9      | Killed a two-headed ogre
  9230 | D:9      | Reached skill level 13 in Stealth
  9395 | D:9      | Found a large runed translucent door.
  9395 | D:9      | Found a large runed translucent door.
  9395 | D:9      | Noticed RandomusNamus's ghost (novice DsFi)
  9458 | Lair:1   | Entered Level 1 of the Lair of Beasts
  9765 | Lair:1   | Found a transporter.
  9794 | Lair:1   | You fall into a shaft and drop 1 floor!
  9825 | Lair:2   | Reached skill level 14 in Stealth
  9849 | Lair:2   | Noticed a skyshark
  9866 | Lair:2   | Killed a skyshark
  9867 | Lair:2   | Reached XP level 13. HP: 115/115 MP: 13/13
  9905 | Lair:2   | Found a staircase to the Swamp.
 10007 | Lair:2   | Reached skill level 15 in Stealth
 10118 | Lair:2   | Lost mutation: Your mind is very acute. (Int +8, Str/Dex
                  | -2) [Jiyva's grace]
 10118 | Lair:2   | Lost mutation: You are very robust. (+20% HP) [Jiyva's
                  | grace]
 10118 | Lair:2   | Gained mutation: Your pliable body absorbs attacks. (AC +2,
                  | EV +2) [Jiyva's grace]
 10118 | Lair:2   | Gained mutation: Your gelatinous body deflects attacks. (AC
                  | +3, EV +3) [Jiyva's grace]
 10118 | Lair:2   | Gained mutation: Your spells are a little harder to cast,
                  | but a little more powerful. [Jiyva's grace]
 10118 | Lair:2   | Gained mutation: Your spells are harder to cast, but more
                  | powerful. [Jiyva's grace]
 10891 | Lair:3   | Found a hole to the Spider Nest.
 10956 | Lair:3   | Reached skill level 16 in Stealth
 11256 | Lair:3   | Noticed Nessos
 11281 | Lair:3   | Killed Nessos
 11369 | Lair:3   | Found a broken altar of Ashenzari.
 11379 | Lair:3   | Noticed Nergalle
 11397 | Lair:3   | Killed Nergalle
 11844 | Lair:4   | Reached skill level 17 in Stealth
 11898 | Lair:4   | Lost mutation: You possess an exceptional clarity of mind.
                  | [Jiyva's grace]
 11898 | Lair:4   | Lost mutation: Your gelatinous body deflects attacks. (AC
                  | +3, EV +3) [Jiyva's grace]
 11898 | Lair:4   | Lost mutation: You are covered in slimy tendrils that may
                  | disarm your opponents. [Jiyva's grace]
 11898 | Lair:4   | Gained mutation: Your natural rate of healing is unusually
                  | fast. [Jiyva's grace]
 11898 | Lair:4   | Gained mutation: You heal very quickly. [Jiyva's grace]
 11898 | Lair:4   | Gained mutation: You regenerate. [Jiyva's grace]
 11898 | Lair:4   | Gained mutation: You have hidden genetic potential.
                  | [Jiyva's grace]
 12557 | Lair:5   | Entered Level 5 of the Lair of Beasts
 12565 | Lair:5   | Reached XP level 14. HP: 110/114 MP: 14/14
 12597 | Lair:5   | Found a glowing silver altar of Zin.
 12889 | Lair:5   | Reached skill level 18 in Stealth
 12917 | Lair:5   | Found a viscous altar of Jiyva.
 12917 | Lair:5   | Found a staircase to the Slime Pits.
 12929 | Depths:2 | Identified the "Sepoaliph"
 12929 | Depths:2 | Identified the "Gax Gutt"
 12929 | Depths:2 | Identified the "Zebbuut"
 12929 | Depths:3 | Identified the of Getegacw
 12929 | Elf:1    | Identified the "Wyveco"
 12929 | Desolati | Identified the of Qyehozy
 12929 | Desolati | Identified the "Makkimai"
 12929 | Elf:3    | Identified the "Socoabb"
 12929 | Elf:3    | Identified the "Ininon"
 12929 | Slime:1  | Entered Level 1 of the Pits of Slime
 12929 | Slime:1  | Noticed an azure jelly
 12929 | Slime:1  | Noticed an azure jelly
 12935 | Slime:1  | Noticed an acid blob
 12936 | Slime:1  | Noticed a rockslime
 12941 | Slime:1  | Noticed a formless jellyfish
 12943 | Slime:1  | Noticed a formless jellyfish
 13024 | Slime:2  | Noticed a quicksilver ooze
 13024 | Slime:2  | Noticed a quicksilver ooze
 13032 | Slime:2  | Noticed a formless jellyfish
 13034 | Slime:2  | Noticed a formless jellyfish
 13035 | Slime:2  | Noticed an acid blob
 13145 | Slime:3  | Noticed an acid blob
 13166 | Slime:2  | Noticed a rockslime
 13264 | Slime:1  | Noticed an azure jelly
 13264 | Slime:1  | Noticed a quicksilver ooze
 13379 | Slime:1  | Noticed an azure jelly
 13380 | Slime:1  | Noticed an azure jelly
 13408 | Slime:1  | Noticed an azure jelly
 13485 | Slime:1  | Noticed a quicksilver ooze
 13538 | Slime:3  | Noticed a rockslime
 13554 | Slime:3  | Noticed a rockslime
 13554 | Slime:3  | Noticed an acid blob
 13576 | Slime:3  | Noticed a formless jellyfish
 13580 | Slime:3  | Noticed a formless jellyfish
 13629 | Slime:3  | Noticed an azure jelly
 13705 | Slime:4  | Noticed a quicksilver ooze
 13707 | Slime:3  | Noticed a rockslime
 13753 | Slime:4  | Noticed an azure jelly
 13867 | Slime:4  | Noticed an acid blob
 13882 | Slime:4  | Noticed an acid blob
 13969 | Slime:5  | Entered Level 5 of the Pits of Slime
 13969 | Slime:5  | Found the +8 Wrath of Trog {antimagic, *Rage Rampage}
 13989 | Slime:5  | Noticed an azure jelly
 13990 | Slime:5  | Noticed the Royal Jelly
 13990 | Slime:5  | Noticed an azure jelly
 13999 | Slime:5  | Noticed an azure jelly
 14010 | Slime:5  | Noticed an acid blob
 14013 | Slime:5  | Noticed a formless jellyfish
 14017 | Slime:5  | Noticed a formless jellyfish
 14017 | Slime:5  | Noticed a quicksilver ooze
 14020 | Slime:5  | Found a viscous altar of Jiyva.
 14054 | Slime:5  | Noticed a rockslime
 14096 | Slime:5  | Noticed a quicksilver ooze
 14141 | Slime:5  | Noticed a formless jellyfish
 14157 | Slime:5  | Noticed an azure jelly
 14193 | Slime:5  | Noticed an acid blob
 14198 | Slime:5  | Noticed an azure jelly
 15107 | Lair:5   | Gained mutation: You are agile. (Dex +4, Str/Int -1)
                  | [hidden potential]
 15813 | Orc:1    | Entered Level 1 of the Orcish Mines
 15813 | Orc:1    | Found Etsiroor's Assorted Antiques.
 15866 | Orc:1    | Bought a scroll of identify for 52 gold pieces
 15866 | Orc:1    | Bought a bone wand for 104 gold pieces
 16326 | Orc:1    | Lost mutation: You are agile. (Dex +4, Str/Int -1) [Jiyva's
                  | grace]
 16326 | Orc:1    | Lost mutation: You regenerate. [Jiyva's grace]
 16326 | Orc:1    | Lost mutation: You are robust. (+10% HP) [Jiyva's grace]
 16326 | Orc:1    | Gained mutation: You have very sharp teeth. [Jiyva's grace]
 16326 | Orc:1    | Gained mutation: You have extremely sharp teeth. [Jiyva's
                  | grace]
 16326 | Orc:1    | Gained mutation: You have razor-sharp teeth. [Jiyva's
                  | grace]
 16326 | Orc:1    | Gained mutation: You are agile. (Dex +4, Str/Int -1)
                  | [Jiyva's grace]
 16378 | Orc:2    | Entered Level 2 of the Orcish Mines
 16806 | Orc:2    | Found a staircase to the Elven Halls.
 16890 | Orc:2    | Noticed Donald
 16907 | Orc:2    | Killed Donald
 16908 | Orc:2    | Reached skill level 19 in Stealth
 16908 | Orc:2    | Reached XP level 15. HP: 71/113 MP: 15/15
 17164 | Orc:2    | Reached skill level 1 in Shields
 17794 | Orc:2    | Found Ibryar's Antique Weapon Emporium.
 17794 | Orc:2    | Found Keil's Magic Scroll Shop.
 17796 | Orc:2    | Found Deskogerph's Assorted Antiques.
 17796 | Orc:2    | Found Tamae's Antique Armour Emporium.
 17802 | Orc:2    | Bought a scroll of fog for 60 gold pieces
 17804 | Orc:2    | Bought a scroll labelled KORREQ CEAVIUSE for 29 gold pieces
 17825 | Orc:2    | Bought a scroll of enchant armour for 217 gold pieces
 17825 | Orc:2    | Bought a scroll of immolation for 116 gold pieces
 17827 | Orc:2    | Bought a scroll of enchant armour for 112 gold pieces
 17827 | Orc:2    | Bought a scroll of poison for 60 gold pieces
 17827 | Orc:2    | Bought a scroll of poison for 60 gold pieces
 18023 | Spider:1 | Entered Level 1 of the Spider Nest
 18660 | D:13     | Noticed Jorgrun
 18660 | D:13     | Noticed Snorg
 18667 | D:13     | Killed Jorgrun
 18677 | D:13     | Killed Snorg
 18808 | D:13     | Gained mutation: You are very agile. (Dex +8, Str/Int -2)
                  | [hidden potential]
 18808 | D:13     | Lost mutation: You have hidden genetic potential. [hidden
                  | potential expressed]
 18848 | D:13     | Found a gate to the Vaults.
 19067 | D:13     | Reached skill level 5 in Shields
 19204 | D:13     | Reached skill level 1 in Ice Magic
 19213 | D:13     | Lost mutation: You have razor-sharp teeth. [Jiyva's grace]
 19213 | D:13     | Lost mutation: You are completely covered in iridescent
                  | scales. (AC +6) [Jiyva's grace]
 19213 | D:13     | Lost mutation: You are mostly covered in iridescent scales.
                  | (AC +4) [Jiyva's grace]
 19213 | D:13     | Lost mutation: You are very agile. (Dex +8, Str/Int -2)
                  | [Jiyva's grace]
 19213 | D:13     | Gained mutation: Your flesh is cold resistant. (rC+)
                  | [Jiyva's grace]
 19213 | D:13     | Gained mutation: Your flesh is very cold resistant. (rC++)
                  | [Jiyva's grace]
 19213 | D:13     | Gained mutation: Your flesh is almost immune to the effects
                  | of cold. (rC+++) [Jiyva's grace]
 19213 | D:13     | Gained mutation: You have a small jelly attached to you
                  | that senses nearby items. [Jiyva's grace]
 19227 | D:13     | Reached skill level 1 in Spellcasting
 19488 | D:14     | Found a transporter.
 19511 | D:14     | Noticed Otiejusm's ghost (journeyman GnIE)
 19526 | D:14     | Found a transporter.
 19786 | D:14     | Identified the +4 rapier "Kunaresa" {protect, Str+7}
 19966 | D:15     | Entered Level 15 of the Dungeon
 19999 | D:15     | Found Niujam's Weapon Shoppe.
 20037 | D:15     | Found a portal to a secret trove of treasure.
 20280 | D:15     | Reached XP level 16. HP: 120/120 MP: 19/19
 20314 | D:15     | Found a staircase to the Depths.
 20583 | D:15     | Reached XP level 17. HP: 126/126 MP: 20/20
 21082 | D:9      | Killed RandomusNamus's ghost
 21166 | Elf:1    | Entered Level 1 of the Elven Halls
 21300 | Swamp:1  | Entered Level 1 of the Swamp
 21896 | Swamp:1  | Slain by an eight-headed hydra

Illustrated notes

Levels and vault maps discovered:
D:1:      mrwooster_arrival_statue, layout_basic
D:2:      layout_loops_ring
D:3:      layout_rooms, minivault_5, uniq_robin
D:4:      layout_basic, saegor_snake_ambush, uniq_eustachio, uniq_natasha,
          uniq_grinder
D:5:      layout_gridville, mainiacjoe_overflow_surrounded_room,
          nicolae_qazlal_beasts_of_the_sky, portal_sewer_entry_f,
          minmay_manual_mess
D:6:      layout_rooms, kennysheep_mini, mainiacjoe_overflow_boulevard,
          minivault_23, uniq_blork_the_orc
D:7:      layout_rooms, minmay_temple_entry_wispy, enter_bailey_4
D:8:      layout_basic, nicolae_sif_muna_condensation,
          nicolae_uskayaw_dance_hall, uniq_maggie, uniq_grum, uniq_psyche
D:9:      cheibrodos_statue_roulette, layout_basic, erik_lair_orcish_takeover,
          ebering_ghost_disaster_area, uniq_jeremiah, uniq_pikel,
          uniq_prince_ribbit1
D:10:     layout_loops_corners, trog_butcher_becter, orc_0_dummy, serial_shops,
          shop, grunt_ministairs_3, centaur_isle
D:11:     layout_rooms
D:12:     layout_small_grid, minmay_misc_feat_doors, kb_rosetta
D:13:     layout_cave_pools, grunt_vaults_entry_fortified, uniq_jorgrun,
          uniq_snorg
D:14:     layout_roguey, minmay_misc_feat_enclosed, nzn_ghost_randoct
D:15:     grunt_enter_depths_hoard, layout_loops_corners, enter_trove_1,
          serial_shops, shop, serial_park_gazebo [serial_park_minivault_5x5_5],
          nicolae_splish_splash
Lair:1:   statuecave_lemuel, layout_cave_pods, gammafunk_ghost_abyssal_escape,
          grunt_megastairs_5
Lair:2:   layout_regular_city, mainiacjoe_swamp_entry_lozenge_pond
Lair:3:   beargit_carnivore_pack, layout_chaotic_city,
          spider_nest_entry_web_field, lemuel_centaur_altar, grunt_megastairs_4,
          uniq_nessos, uniq_nergalle
Lair:4:   layout_regular_city, nzn_sisyphean_effort
Lair:5:   guppyfry_lair_end_dragon, layout_loops_ring,
          hangedman_lair_caniforms_friends, slime_entry_1, basic_altar,
          nicolae_quartered_pool_little
Swamp:1:  layout_falls_marsh, hangedman_swamp_ruin_wall
Spider:1: cheibrodos_forgotten_conduit
Slime:1:  layout_caves
Slime:2:  layout_caves
Slime:3:  layout_caves, cheibrodos_slime_lost_civilization_5
Slime:4:  layout_caves
Slime:5:  slime_pit_nicolae_jellycorners
Orc:1:    layout_caves, serial_shops, shop
Orc:2:    grunt_orc_tribal_feast, layout_caves, uniq_donald
Elf:1:    minmay_elf_arrival_plus, layout_geoelf_diagonals,
          minmay_elf_crystal_hexagon, uniq_kirke

Skill      XL: |  1  2  3  4  5  6  7  8  9 10 11 12 13 14 15 16 17 |
---------------+----------------------------------------------------+-----
Fighting       | 4 5 7 8 9 10 11 12 14 | 14.6
Dodging        | 4 5 7 8 9 10 11 12 13 14 | 14.5
Short Blades   | 4 5 7 8 9 10 11 12 13 14 | 14.0
Polearms       | 3 5 8 |  8.8
Stealth        | 5 10 14 17 19 | 19.8
Shields        | 5 6 |  6.2
Ice Magic      | 2 3 |  3.5
Spellcasting   | 2 3 |  3.2

Action                     |  1- 3 |  4- 6 |  7- 9 | 10-12 | 13-15 | 16-18 || total
---------------------------+-------+-------+-------+-------+-------+-------++-------
  Melee: Short sword       |    97 |   126 |   292 |    38 |       |       ||   553
         Constrict         |    33 |    32 |    61 |    47 |   169 |     4 ||   346
         Tentacles         |    23 |    42 |    92 |   151 |   465 |    53 ||   826
         Punch             |     6 |     2 |     4 |    10 |    31 |     7 ||    60
         Trident           |       |       |       |   422 |  1329 |   157 ||  1908
         Bite              |       |       |       |       |    82 |    31 ||   113
         Scimitar          |       |       |       |       |    46 |       ||    46
  Throw: Boomerang         |       |       |       |       |     1 |       ||     1
   Cast: Ensorcelled Hiber |       |       |       |       |     1 |       ||     1
 Invoke: Oozemancy         |       |       |     4 |     6 |    13 |     1 ||    24
         Slimify           |       |       |       |     1 |     1 |       ||     2
  Evoke: Wand              |       |       |     3 |     5 |     3 |     2 ||    13
    Use: Scroll            |     3 |     2 |     6 |     4 |    15 |     2 ||    32
         Potion            |       |     1 |     1 |     1 |    10 |     2 ||    15
   Stab: Distracted        |       |       |     2 |     1 |    10 |       ||    13
         Sleeping          |       |       |     5 |     5 |    26 |     4 ||    40
         Paralysed         |       |       |       |     2 |     5 |       ||     7
         Invisible         |       |       |       |       |     5 |       ||     5
 Armour: Skin              |    28 |    67 |    72 |   257 |   678 |    83 ||  1185
  Dodge: Dodged            |    55 |   119 |   176 |   601 |  2001 |   144 ||  3096
  Block: Kite shield       |       |       |       |       |   311 |   147 ||   458
         Reflection        |       |       |       |       |    21 |     1 ||    22

Table legend: (Time is in decaauts)
 A = Elapsed time spent in this place.
 B = Non-inter-level travel time spent in this place.
 C = Inter-level travel time spent in this place.
 D = Time resting spent in this place.
 E = Time spent auto-exploring this place.
 F = Levels seen in this place.
 G = Mean time per level.
                   A        B        C        D        E       F      G
               +--------+--------+--------+--------+--------+-----+--------+
         Total |  21983 |  20310 |   1673 |   3147 |  11269 |  32 |  687.0 |
       Dungeon |  11565 |  10673 |    892 |   1018 |   6651 |  15 |  771.0 |
          Lair |   6187 |   5741 |    446 |   1339 |   2498 |   5 | 1237.4 |
         Swamp |     14 |     14 |      0 |      0 |      0 |   1 |   14.0 |
   Spider Nest |    113 |    113 |      0 |     15 |      0 |   1 |  113.0 |
    Slime Pits |   1498 |   1309 |    189 |      0 |   1259 |   5 |  299.6 |
  Orcish Mines |   2156 |   2011 |    145 |    677 |    769 |   2 | 1078.0 |
   Elven Halls |      1 |      1 |      0 |      0 |      0 |   1 |    1.0 |
         Sewer |    183 |    183 |      0 |      0 |     92 |   1 |  183.0 |
        Bailey |    262 |    262 |      0 |     98 |      0 |   1 |  262.0 |
               +--------+--------+--------+--------+--------+-----+--------+

Top non-repeatable levels by time:
  Lair:5: 1678 daAuts
  Lair:2: 1581 daAuts
   Orc:2: 1538 daAuts
  Lair:3: 1535 daAuts
    D:10: 1092 daAuts
     D:4: 1003 daAuts
    D:15: 970 daAuts
     D:2: 959 daAuts
     D:3: 918 daAuts
     D:5: 864 daAuts
  Lair:4: 855 daAuts
     D:8: 842 daAuts
     D:9: 816 daAuts
    D:12: 806 daAuts
    D:13: 769 daAuts
